[Event "Late-Titled-Tuesday-Blitz-May-14-2024"]
[Site "Chess.com"]
[Date "2024.05.14"]
[Round "1"]
[White "tarno17"]
[Black "Gangster-accountant01"]
[Result "0-1"]
[WhiteElo "2197"]
[BlackElo "2579"]
[TimeControl "180+1"]
[EndTime "14:07:54 PDT"]
[Termination "Gangster-accountant01 won by checkmate"]

1. e4 c5 2. Nf3 e6 3. g3 Nc6 4.
Bg2 e5 5. O-O Nf6 6. d3 d6 7. Re1 Be7 8. Nc3 O-O 9. h3 Be6 10.
Ne2 Qb8 11. Nh2 Qc8 12. g4 Nd4 13. f4 Nxe2+ 14. Qxe2 exf4 15. Bxf4 Rd8 16. Nf3 h6 17. Nh4 Nxg4 18. Nf5 Bxf5 19. exf5 Ne5 20. Bxe5 dxe5 21. Qxe5 Bf6 22. Qe4 Rd4 23. Qxb7 Qxb7 24. Bxb7 Rb8 25.
Be4 Rxb2 26. Re2 Ra4 27. Bd5 Rb8 28. Rae1 Rf8 29. Re8 Rd4 30. Bc6 Rd8 31. Kg2 g5 32.
Kf3 Kg7 33. Rxf8 Kxf8 34. Rb1 Rd6 35. Be4 Rd7 36. Rb7 Rxb7 37. Bxb7 Ke7 38. Ke4 Kd6 39. a4 Bc3 40. Ba6 f6 41. Bc4 h5 42. Bb5 Be5 43.
c4 g4 44. hxg4 hxg4 45. Be8 g3 46. Kf3 Bf4 47. Bh5 Ke5 48. Bg4 Kd4 49. Bh3 Be5 50.
Ke2 Kc3 51. Bg2 a5 52. Bc6 Bd4 53. Be4 Kb4 54. Bc6 g2 55. Bxg2 Kxa4 56. Kd2 Kb3 57. Bf3 Kb2 58. Bd1 Bc3+ 59. Ke3 Ka3 60. d4 Bxd4+ 61. Kd3 Kb2 62. Ba4 Be5 63. Bb5 Ka3 64.
Kc2 Kb4 65. Ba6 a4 66. Kb1 Kb3 67. Bb7 a3 68. Be4 a2+ 69. Kc1 a1=Q+ 70. Kd2 Qd4+ 71. Bd3 Bf4+ 72. Ke1 Qxd3 73. Kf2 Qg3+ 74. Kf1 Qh2 75. Ke1 Qg2 76. Kd1 Qd2# 0-1

[Event "Late-Titled-Tuesday-Blitz-May-14-2024"]
[Site "Chess.com"]
[Date "2024.05.14"]
[Round "1"]
[White "CarlosjPineror"]
[Black "pirulillo"]
[Result "1/2-1/2"]
[WhiteElo "2736"]
[BlackElo "2424"]
[TimeControl "180+1"]
[EndTime "14:07:57 PDT"]
[Termination "Game drawn - insufficient material"]

1. e4 c5 2. Nf3 e6 3. d4 cxd4 4. Nxd4 Nf6 5. Bd3 Nc6 6. Nxc6 dxc6 7. O-O e5 8. Be3 Bd6 9. Nc3 Qe7 10. Qe2 O-O 11.
Rad1 Bc5 12. h3 b5 13. Nb1 a5 14. Nd2 a4 15. Nf3 Re8 16. c3 Nd7 17. Bg5 f6 18. Be3 Nf8 19. Bxc5 Qxc5 20. Qe3 Ne6 21. a3 Rb8 22.
Rd2 Qxe3 23. fxe3 Nc5 24. Bc2 Be6 25. Rfd1 Kf7 26. Kf2 Ke7 27. Nh2 Red8 28. Rxd8 Rxd8 29. Rxd8 Kxd8 30. Nf1 Bf7 31. Nd2 Kc7 32. h4 Kd6 33.
Kf3 h5 34. Kf2 Be6 35. Ke2 Ke7 36. c4 bxc4 37. Nb1 g5 38. g3 gxh4 39. gxh4 Bg4+ 40. Ke1 Bf3 41. Nc3 Bh1 42. Bd1 Bxe4 43. Nxe4 Nxe4 44. Bxh5 c3 45. bxc3 Nxc3 46. Bf3 e4 47. Bg4 Nb5 48. Bd1 Nxa3 49. Bxa4 Nc4 50. Bxc6 Nxe3 51. Bxe4 f5 52. Bb1 Kf6 53. Kf2 Ng4+ 54. Kg3 Ne5 55. Bxf5 Kxf5 56.
h5 Kg5 57. h6 Kxh6 1/2-1/2

[Event "Late-Titled-Tuesday-Blitz-May-14-2024"]
[Site "Chess.com"]
[Date "2024.05.14"]
[Round "1"]
[White "FredddieCroderg"]
[Black "slidingknight2775"]
[Result "0-1"]
[WhiteElo "2293"]
[BlackElo "2615"]
[TimeControl "180+1"]
[EndTime "14:07:57 PDT"]
[Termination "slidingknight2775 won by resignation"]

1. e4 c5 2. Bc4 Nc6 3. d3 Nf6 4. Nc3 e6 5. Qf3 Nd4 6. Qd1 d5 7. Bb3 Be7 8. Nf3 Nxb3 9. axb3 d4 10. Nb1 Nd7 11. Na3 e5 12. Ng1 O-O 13. Ne2 f5 14. exf5 Nf6 15. Ng3 Qd5 16. O-O h6 17. Nc4 Bd7 18. Re1 Bc6 19. f3 Nd7 20. Bd2 Bh4 21. Re4 Bxg3 22. hxg3 Rxf5 23. g4 Rf6 24. Qe2 Re6 25. Re1 Rae8 26. f4 b5 27. Nxe5 Nxe5 28.
Rxe5 Rxe5 29. fxe5 Rxe5 30. Qf3 Rxe1+ 31. Bxe1 Qxf3 32.
gxf3 Bxf3 33. g5 Bd1 34. c3 dxc3 35. Bxc3 Bxb3 36. gxh6 gxh6 37. d4 cxd4 38. Bxd4 a5 39. Kg2 Kf7 40. Bb6 a4 41. Bc5 Ke6 42. Kf2 Kd5 43. Bf8 h5 44. Ke3 Kc4 45. Kd2 h4 46. Bd6 h3 47. Kc1 Kd3 48. Be5 Ke2 49. Bd6 Kf2 50.
Kd2 Kg2 51. Kc3 h2 52. Bxh2 Kxh2 53. Kb4 Bc4 54. Ka3 Kg2 55. Kb4 Kf2 56. Ka3 Ke2 57. Kb4 Kd2 58. Ka3 Kc2 59. b4 axb3 0-1

[Event "Late-Titled-Tuesday-Blitz-May-14-2024"]
[Site "Chess.com"]
[Date "2024.05.14"]
[Round "1"]
[White "karpovian123"]
[Black "The_Machine04"]
[Result "0-1"]
[WhiteElo "2348"]
[BlackElo "2670"]
[TimeControl "180+1"]
[EndTime "14:07:58 PDT"]
[Termination "The_Machine04 won by resignation"]

1. Nf3 d6 2. c4 e5 3. Nc3 f5 4. d4 e4 5. Ng5 Be7 6. Nh3 Nf6 7. Bg5 O-O 8. e3 c6 9. Nf4 Na6 10. a3 Nc7 11. b4 h6 12. Bxf6 Bxf6 13.
Be2 g5 14. Nh5 Bh8 15. h4 Be6 16. hxg5 hxg5 17. g4 d5 18. gxf5 Bxf5 19. Bg4 Qd7 20. Rg1 Bxg4 21. Qxg4 Qxg4 22. Rxg4 Kh7 23. Rxg5 Kh6 24.
Rg3 Kxh5 25. Ke2 Bf6 26. Rh1+ Bh4 27. Rgh3 Rxf2+ 28. Kd1 Rg8 29. Rxh4+ Kg5 30. Ne2 Kf6 31. Rh6+ Rg6 32. Nf4 Rxh6 33. Rxh6+ Kg5 34. Rg6+ Kf5 35. Rg7 Na6 36. Rf7+ Kg4 37. Rxb7 Kf3 38. b5 Kxe3 39. Ne6 Kd3 40. Ke1 e3 41. bxa6 dxc4 42. Nc5+ Kxd4 43. Ne6+ Kd3 44. Rd7+ Kc3 45. Nc5 Ra2 46. Ne4+ Kb3 47. Rb7+ Kxa3 48. Nc3 Rb2 49. Rxb2 Kxb2 50. Ne4 c3 51. Nxc3 Kxc3 52. Ke2 Kb4 53. Kxe3 c5 54. Kd3 Kb3 55. Kd2 c4 56. Kc1 Kc3 57. Kb1 Kd2 0-1

[Event "Late-Titled-Tuesday-Blitz-May-14-2024"]
[Site "Chess.com"]
[Date "2024.05.14"]
[Round "1"]
[White "PabloZarnicki"]
[Black "Grischuk"]
[Result "1/2-1/2"]
[WhiteElo "2555"]
[BlackElo "3133"]
[TimeControl "180+1"]
[EndTime "14:08:00 PDT"]
[Termination "Game drawn by repetition"]

1. e4 e5 2. Nf3 Nc6 3. Nc3 Nf6 4. d4 exd4 5. Nxd4 Bb4 6. Nxc6 bxc6 7.
Bd3 d5 8. exd5 O-O 9. O-O cxd5 10. Bg5 Be6 11. Nb5 c5 12. a3 Ba5 13. b4 Bb6 14. bxc5 Bxc5 15. Qf3 Rc8 16. c3 h6 17. Bxf6 Qxf6 18.
Qxf6 gxf6 19. a4 Rc6 20. a5 Kg7 21. Nd4 Bxd4 22. cxd4 Rc3 23. Be2 Rb8 24. Rfc1 Rxc1+ 25. Rxc1 Rb4 26. f3 Rxd4 27. Rc7 Rd2 28. Kf2 d4 29. Ke1 Ra2 30. Rxa7 f5 31. a6 Kf6 32. Ra8 f4 33. g3 fxg3 34. hxg3 Ra3 35. Rd8 Ra4 36. Bb5 Ra5 37. Bd3 Ra4 38. f4 Ke7 39. Rb8 Ra3 40.
Rb7+ Kd6 41. Kd2 Bd5 42. Rb6+ Kc5 43. Rb5+ Kd6 44. Rb6+ Kc5 45. Rb5+ Kd6 46. Rb2 f6 47. Rb6+ Kc5 48. Rb2 Kc6 49. Rc2+ Kd6 50. Rb2 Kc5 51.
Rb5+ Kc6 52. Rb2 Kc5 53. Rc2+ Kd6 54. Rb2 Kc5 1/2-1/2

[Event "Late-Titled-Tuesday-Blitz-May-14-2024"]
[Site "Chess.com"]
[Date "2024.05.14"]
[Round "1"]
[White "remyrushbrooke"]
[Black "ansko1999"]
[Result "1-0"]
[WhiteElo "2329"]
[BlackElo "2618"]
[TimeControl "180+1"]
[EndTime "14:08:01 PDT"]
[Termination "remyrushbrooke won by checkmate"]

1. d4 d5 2. Nc3 Nf6 3. Bg5 Nbd7 4. Nf3 e6 5. e4 dxe4 6. Nxe4 Be7 7. Nxf6+ Nxf6 8.
c3 b6 9. Bd3 Bb7 10. Qe2 O-O 11. O-O-O h6 12. Bxf6 Bxf6 13. Be4 Bxe4 14. Qxe4 Qd5 15.
Qxd5 exd5 16. Rhe1 Rfe8 17. Ne5 Re6 18. f4 Rae8 19.
Kc2 Bh4 20. g3 Bd8 21. Rf1 f6 22. Nf3 Re2+ 23. Rd2 c6 24. Rf2 R2e3 25. Kd1 Kf7 26.
Rde2 Rd3+ 27. Ke1 Rde3 28. Rxe3 Rxe3+ 29. Kd2 Re4 30. Re2 Kg6 31. Rxe4 dxe4 32. Nh4+ Kh5 33. Nf5 g6 34. Nd6 f5 35. h3 Bc7 36. Ne8 Bxf4+ 37. gxf4 Kh4 38. c4 Kg3 39. Ke3 g5 40. fxg5 hxg5 41. Nf6 f4+ 42. Kxe4 f3 43. Ng4 f2 44.
Nxf2 Kxf2 45. d5 cxd5+ 46. cxd5 Kg3 47. Kf5 g4 48. hxg4 Kf3 49. d6 Ke3 50. d7 Kd3 51.
d8=Q+ Kc2 52. Qd4 b5 53. Qc3+ Kb1 54. Ke4 a5 55. Kd3 b4 56. Qc2+ Kxa2 57. Kc4 a4 58. Qxa4+ Kb1 59. Qd1+ Ka2 60. Kxb4 Kxb2 61. g5 Ka2 62. g6 Kb2 63. g7 Ka2 64. g8=Q+ Kb2 65. Qgb3# 1-0

[Event "Late-Titled-Tuesday-Blitz-May-14-2024"]
[Site "Chess.com"]
[Date "2024.05.14"]
[Round "1"]
[White "vugarrasulov"]
[Black "Caracal3000"]
[Result "0-1"]
[WhiteElo "2956"]
[BlackElo "2543"]
[TimeControl "180+1"]
[EndTime "14:08:03 PDT"]
[Termination "Caracal3000 won by resignation"]

1. e4 e5 2. Bc4 Nf6 3. d3 c6 4. Nf3 d5 5. Bb3 Bd6 6. Nc3 Be6 7. O-O O-O 8. Bg5 h6 9. Bxf6 Qxf6 10. exd5 cxd5 11. Bxd5 Nc6 12. Ne4 Qe7 13. Bxe6 Qxe6 14. Nxd6 Qxd6 15. Re1 Rac8 16. c3 Rfd8 17. Qb3 Qxd3 18.
Nxe5 Nxe5 19. Rxe5 Qd7 20. h3 Re8 21. Rd1 Qxd1+ 22.
Qxd1 Rxe5 23. Qd7 Rce8 24. Qxb7 Re1+ 25. Kh2 R8e2 26. Qb8+ Kh7 27. Qxa7 Rxb2 28. Qxf7 Ree2 29. Kg3 Rxa2 30. c4 Ra3+ 31. Kh2 Raa2 32. Qf5+ Kh8 33.
Kg3 Ra3+ 34. Kh2 Raa2 35. c5 Rxf2 36. Qd5 Rac2 37. c6 Rc1 38. Qd8+ Kh7 39. Qd3+ Kh8 40. Qe3 Rfc2 41. Qe8+ Kh7 42. Qe4+ Kh8 43. Kg3 Rxc6 44. Qe8+ Kh7 45. Kh4 R1c4+ 46. g4 Rc3 47. Qe4+ Kh8 48.
Qe8+ Kh7 49. Qe4+ Kh8 50. Qe5 Kh7 51. Qf5+ Kh8 52. g5 R6c4+ 53. Kh5 Rc5 54. Qf8+ Kh7 55. h4 g6+ 56. Kg4 R5c4+ 57. Qf4 Rxf4+ 58. Kxf4 h5 0-1

[Event "Late-Titled-Tuesday-Blitz-May-14-2024"]
[Site "Chess.com"]
[Date "2024.05.14"]
[Round "1"]
[White "Rsnr"]
[Black "Cambek64"]
[Result "1-0"]
[WhiteElo "2901"]
[BlackElo "2503"]
[TimeControl "180+1"]
[EndTime "14:08:03 PDT"]
[Termination "Rsnr won by checkmate"]

1. d4 c6 2. Nf3 d5 3. c4 Nf6 4.
Qc2 g6 5. Bf4 Bg7 6. e3 O-O 7. Nc3 Bf5 8. Qb3 b6 9. Be2 a6 10. a4 h6 11. h3 g5 12. Bg3 Ne4 13. Nxe4 dxe4 14. Ne5 Be6 15. Bg4 f5 16. Be2 f4 17.
Bh2 Qc7 18. Qc3 c5 19. Bg4 Bxg4 20. hxg4 cxd4 21. exd4 Nc6 22. Nxc6 Qxc6 23. O-O Rfd8 24. Rad1 Rac8 25. b3 b5 26. axb5 axb5 27. c5 Qd5 28. b4 Bxd4 29. Qc2 e5 30. Kh1 Kg7 31. Qe2 Qc6 32.
Rfe1 Ra8 33. Qxe4 Qxe4 34. Rxe4 Ra4 35. Rb1 Bc3 36. f3 Kf6 37. Bg1 Ke6 38. Bf2 Rd3 39. Kg1 Kd5 40. Kf1 Rd2 41. Be1 Rd3 42. Bxc3 Rxc3 43. Rd1+ Kc6 44. Rd6+ Kc7 45. Rxe5 Rc1+ 46.
Kf2 Rc2+ 47. Kf1 Ra3 48. Re7+ Kc8 49. Rxh6 Raa2 50. Rh8# 1-0

[Event "Late-Titled-Tuesday-Blitz-May-14-2024"]
[Site "Chess.com"]
[Date "2024.05.14"]
[Round "1"]
[White "KChor05"]
[Black "ferrufino64"]
[Result "1-0"]
[WhiteElo "2618"]
[BlackElo "2298"]
[TimeControl "180+1"]
[EndTime "14:08:05 PDT"]
[Termination "KChor05 won by resignation"]

1. e4 c5 2. Nf3 d6 3. d4 cxd4 4. Nxd4 Nf6 5. Nc3 g6 6. Be3 Bg7 7. f3 Nc6 8. Qd2 O-O 9. Bc4 Nxd4 10. Bxd4 Be6 11. Bxe6 fxe6 12. O-O-O Qa5 13. Kb1 Rac8 14. h4 Nh5 15. Bxg7 Kxg7 16. g4 Ng3 17. Rhg1 Rxf3 18.
h5 Qe5 19. hxg6 hxg6 20. Rde1 a6 21. Nd1 b5 22. Nf2 Rcf8 23. Nd3 Qd4 24. Qa5 Nxe4 25. Qxa6 Nd2+ 26. Kc1 Nc4 27. Qxb5 Rxd3 28. cxd3 Qxd3 29. Rd1 Qe3+ 30. Kb1 Nd2+ 31. Ka1 Nf3 32. Rgf1 Nd4 33.
Qc4 Rxf1 34. Rxf1 Qe4 35. b3 e5 36. Kb2 Qxg4 37. Rc1 Qg2+ 38. Ka3 Qa8+ 39. Kb2 Qg2+ 40.
Ka1 Qe4 41. a4 Qa8 42. Kb2 Qe8 43. Ka3 Qf8 44. a5 Qa8 45. a6 Qb8 46. b4 Nb5+ 47.
Ka4 Nd4 48. b5 Qe8 49. Ka5 Qf8 50. a7 Qd8+ 51. b6 Qa8 52. Ka6 Qe8 53. b7 d5 54.
b8=Q Qa4+ 55. Qxa4 1-0

[Event "Late-Titled-Tuesday-Blitz-May-14-2024"]
[Site "Chess.com"]
[Date "2024.05.14"]
[Round "1"]
[White "lachesisQ"]
[Black "JG-17"]
[Result "1-0"]
[WhiteElo "3115"]
[BlackElo "2543"]
[TimeControl "180+1"]
[EndTime "14:08:06 PDT"]
[Termination "lachesisQ won on time"]

1. e4 c5 2. Nf3 d6 3. Nc3 Nf6 4. d4 cxd4 5. Qxd4 a6 6. Bc4 Nc6 7.
Qe3 g6 8. h3 Bg7 9. O-O O-O 10.
a4 b6 11. Rd1 Qc7 12. Qe2 Bb7 13. Bf4 Nd7 14. Nd5 Qd8 15. c3 Nce5 16. Nxe5 Nxe5 17. Ba2 e6 18. Nb4 Qc7 19. Rd2 Rfd8 20. Rad1 a5 21. Nc2 Rac8 22. Na3 Bc6 23. Nb5 Bxb5 24. Qxb5 Nc4 25.
Bxc4 Qxc4 26. Qxc4 Rxc4 27. Rxd6 Rxd6 28. Rxd6 Bf8 29.
Rd8 Kg7 30. Be5+ f6 31. Rd7+ Kg8 32. Bxf6 Rxe4 33. Bd4 e5 34. Bxb6 Rxa4 35. Rb7 Ra1+ 36. Kh2 a4 37. Bc7 Re1 38. Rb5 e4 39. c4 Rc1 40. Rb8 Kf7 41. Rb7 Ke6 42. Bf4 Rxc4 43. Rxh7 Rc2 44. Ra7 Rxf2 45. Kg3 Rxb2 46. Rxa4 Be7 47.
Ra6+ Kf5 48. Ra5+ Ke6 49. Re5+ Kf6 50. Rxe4 Rb3+ 51. Kg4 Kf7 52. g3 Rb5 53. h4 Ra5 54.
Rc4 Rb5 55. Rc7 Ke6 56. Ra7 Rb4 57. Ra6+ Kf7 58. Rc6 Ra4 59. Rb6 Rb4 60. Ra6 Rc4 61. Kf3 Rc3+ 62. Ke4 Rc4+ 63. Kd5 Rc5+ 64. Kd4 Rb5 65.
Ra7 Rb4+ 66. Kd5 Kf8 67. Bh6+ Ke8 68. Be3 Rb5+ 69. Ke6 Bf8 70. Ra8+ 1-0

[Event "Late-Titled-Tuesday-Blitz-May-14-2024"]
[Site "Chess.com"]
[Date "2024.05.14"]
[Round "1"]
[White "PlotnikovPavel"]
[Black "lamomiajunior"]
[Result "0-1"]
[WhiteElo "2433"]
[BlackElo "2772"]
[TimeControl "180+1"]
[EndTime "14:08:06 PDT"]
[Termination "lamomiajunior won on time"]

1. e4 c5 2. c3 Nf6 3. e5 Nd5 4. d4 cxd4 5. Qxd4 e6 6. Bd3 Nc6 7. Qe4 f5 8. Qe2 g6 9. Nf3 Bg7 10. O-O O-O 11. Re1 b6 12. Bc4 Nde7 13. a4 Bb7 14.
Na3 a6 15. Bf4 h6 16. h4 Na5 17. Ba2 Bd5 18. b4 Bxa2 19. Rxa2 Nac6 20. Rd2 Nd5 21. Rxd5 exd5 22. Rd1 Qe7 23. Rxd5 Rae8 24. Qxa6 Ra8 25.
Qb5 Rfc8 26. Qd3 Rxa4 27. Rxd7 Rd8 28. Rxd8+ Qxd8 29. Qc4+ Kh7 30. Qxc6 Rxa3 31. Be3 Ra1+ 32. Kh2 Bxe5+ 33. g3 Bg7 34. Bxb6 Qd1 35. Nd4 Qg1+ 36.
Kh3 Qxf2 37. Qg2 Qxg2+ 38. Kxg2 Ra3 39. Nb5 Ra2+ 40. Kf3 Rc2 41. Bd4 Bxd4 42. cxd4 Rc4 43. Ke3 Rxb4 44. Nd6 Kg7 45. h5 gxh5 46. Nxf5+ Kg6 47. Ne7+ Kg5 48. d5 Rb3+ 49. Ke4 Rb6 50. Ke5 Kg4 51. Nf5 Rb1 52. d6 Re1+ 53. Kf6 Rf1 54. d7 Rxf5+ 55. Ke6 Rf8 56. Ke7 Rg8 57.
Kf7 Rd8 0-1

[Event "Late-Titled-Tuesday-Blitz-May-14-2024"]
[Site "Chess.com"]
[Date "2024.05.14"]
[Round "1"]
[White "Tolyanius"]
[Black "WCM-Mexicana"]
[Result "1-0"]
[WhiteElo "2672"]
[BlackElo "2350"]
[TimeControl "180+1"]
[EndTime "14:08:08 PDT"]
[Termination "Tolyanius won by resignation"]

1. e4 c5 2. Nf3 Nc6 3. Bb5 e6 4. O-O Nge7 5. Re1 a6 6. Bf1 d5 7. exd5 Nxd5 8. d4 cxd4 9. Nxd4 Nxd4 10. Qxd4 Nf6 11. Qf4 Bd6 12. Qh4 O-O 13. Nc3 b5 14. Bd3 g6 15. Bg5 Be7 16. a4 b4 17. Bxf6 Bxf6 18.
Qxb4 Qc7 19. Ne4 Bg7 20. Rab1 Rb8 21. Qa3 Bb7 22. Nc5 Rfd8 23. Nxb7 Qxb7 24. b4 Bf8 25. Re4 a5 26. Qa2 axb4 27. h4 Qd5 28. Qb2 b3 29. Re3 bxc2 30. Qxc2 Rxb1+ 31. Qxb1 Qd4 32. h5 Qxa4 33.
hxg6 hxg6 34. Rf3 Bg7 35. g3 Qa1 36. Qxa1 Bxa1 37. Kf1 Kg7 38. Ke2 Bf6 39. Rf4 Be5 40. Ra4 Rd7 41. Bb5 Rc7 42. Bd3 Bf6 43. Ra5 Bd8 44.
Ra8 Bf6 45. Rb8 Ra7 46. Ke3 Be7 47. Kd4 Bf6+ 48. Ke3 Be7 49. Rc8 Bf6 50. Be4 Bg5+ 51.
Ke2 Ra2+ 52. Kf3 Bf6 53. Bc2 Bd4 54. Ke2 f5 55. f3 e5 56. g4 fxg4 57. fxg4 Ra3 58.
Rc6 Re3+ 59. Kd2 Rg3 60. Rxg6+ Kf7 61. Rg5 Ke6 62. Rg6+ Kd5 63. Bf5 Rg2+ 64. Kd3 e4+ 65. Bxe4+ Ke5 66. Bxg2 1-0

[Event "Late-Titled-Tuesday-Blitz-May-14-2024"]
[Site "Chess.com"]
[Date "2024.05.14"]
[Round "1"]
[White "Msb2"]
[Black "toninhojit"]
[Result "1-0"]
[WhiteElo "3070"]
[BlackElo "2539"]
[TimeControl "180+1"]
[EndTime "14:08:09 PDT"]
[Termination "Msb2 won on time"]

1. d4 Nf6 2. c4 c5 3. d5 e6 4.
Nc3 exd5 5. cxd5 d6 6. e4 g6 7. h3 Bg7 8. Nf3 O-O 9. Bd3 a6 10. a4 Re8 11. O-O Qc7 12. Bf4 Nbd7 13. Re1 Rb8 14. Nd2 Ne5 15. Be2 h6 16. Bh2 g5 17.
f4 gxf4 18. Bxf4 Ng6 19. Bg3 Nd7 20. Nc4 Nde5 21. Ne3 Bd7 22. Nf5 b5 23. axb5 axb5 24. Qd2 b4 25. Nd1 Bxf5 26. exf5 Ne7 27. Rf1 f6 28.
Bxe5 dxe5 29. d6 Rbd8 30. Bc4+ Kh8 31. dxc7 Rxd2 32. Ne3 Rc8 33. Ra7 Rd7 34. Rfa1 Rdxc7 35. Rxc7 Rxc7 36. Be6 h5 37. Nc4 Nc6 38. Nd6 Ra7 39. Rc1 Bh6 40. Rd1 Kg7 41. Ne4 Be3+ 42. Kf1 Bd4 43.
Rc1 Ra5 44. b3 Ra2 45. g4 h4 46. g5 fxg5 47. f6+ Kf8 48. Ke1 Nd8 49. Bd5 Ra5 50. Nxg5 Ra6 51. Ne4 Nf7 52. Ke2 Nd6 53. Nxc5 Bxc5 54.
Rxc5 Ne8 55. f7 Nd6 56. Rc7 Ra5 57. Be6 Ra2+ 58. Ke3 Ra8 59. Rd7 Nb5 60. Bd5 Rb8 61. Ke4 Nc3+ 62. Kxe5 Nxd5 63. Kxd5 Rb5+ 64. Ke6 Rf5 65.
Kxf5 1-0

[Event "Late-Titled-Tuesday-Blitz-May-14-2024"]
[Site "Chess.com"]
[Date "2024.05.14"]
[Round "1"]
[White "DrVelja"]
[Black "OneTrickPony_82"]
[Result "1-0"]
[WhiteElo "2909"]
[BlackElo "2512"]
[TimeControl "180+1"]
[EndTime "14:08:09 PDT"]
[Termination "DrVelja won by checkmate"]

1. e4 e5 2. Nf3 Nc6 3. Bb5 a6 4. Ba4 Nf6 5. O-O Be7 6. Bxc6 dxc6 7.
d3 Bd6 8. Nbd2 Be6 9. Ng5 Bg4 10.
Qe1 h6 11. Ngf3 Be6 12. b3 Qe7 13. Nc4 Bxc4 14. bxc4 Nd7 15. Rb1 b6 16. Qe2 g5 17.
Rd1 O-O-O 18. Nd2 h5 19. Nf1 Bc5 20. Ng3 Qf6 21. Nf5 Nf8 22. c3 Ne6 23. Be3 g4 24. Bxc5 Nxc5 25. d4 Ne6 26. c5 b5 27. Qe3 Rhe8 28. d5 cxd5 29. c6 d4 30. cxd4 Nxd4 31.
Qa3 Qxc6 32. Ne7+ Rxe7 33. Qxe7 Qc2 34. Kh1 Qxa2 35. Rbc1 Rd7 36. Qe8+ Rd8 37. Qxe5 Ne6 38. Rxd8+ Kxd8 39. Qxh5 Qxf2 40. Qxg4 Nf4 41. Rd1+ Ke8 42. Qc8+ Ke7 43. Qxc7+ Kf6 44. Qd6+ Kg7 45. Qe5+ Kg6 46.
Qf5+ Kg7 47. Qg5+ Kh7 48. Qf5+ Kg7 49. Qg4+ Kh7 50. h3 b4 51. Rd7 Ne2 52. Qh5+ Kg7 53. Qg5+ Kh7 54. Qh5+ Kg7 55. Qg4+ Kf8 56. Rd8+ Ke7 57.
Qd7+ Kf6 58. Qd6+ Kg7 59. Qe5+ Kg6 60. Rg8+ Kh7 61. Qh8# 1-0

[Event "Late-Titled-Tuesday-Blitz-May-14-2024"]
[Site "Chess.com"]
[Date "2024.05.14"]
[Round "1"]
[White "Roberz12"]
[Black "BillCoe"]
[Result "1-0"]
[WhiteElo "2575"]
[BlackElo "2155"]
[TimeControl "180+1"]
[EndTime "14:08:10 PDT"]
[Termination "Roberz12 won by resignation"]

1. Nf3 c5 2. e4 d6 3. Bc4 g6 4. O-O Nf6 5. Re1 Bg7 6. c3 O-O 7. d4 b6 8. Bf4 Ba6 9. Bxa6 Nxa6 10. d5 Nb8 11. a4 Nbd7 12. Nbd2 a6 13. Qe2 Ng4 14. h3 Nge5 15. Nxe5 Nxe5 16. Bg3 Rb8 17. f4 Nd7 18. Qxa6 Qc7 19. Qb5 Ra8 20. Nc4 Rfb8 21. Kh2 Nf6 22. Rad1 Nh5 23. e5 Nxg3 24. Kxg3 h5 25.
Kf2 Bh6 26. g3 Bg7 27. exd6 exd6 28. Re4 Ra7 29. Rde1 Bf8 30. Re8 Raa8 31. Rxb8 Rxb8 32. h4 Qc8 33. Ne3 Ra8 34. b3 Rb8 35. Qc6 Qh3 36. Qc7 Re8 37. Ng2 Rxe1 38. Nxe1 Qf5 39. Qxb6 Qxd5 40.
Nf3 Qd3 41. Qb5 Qxc3 42. Qc4 Qb2+ 43. Ke3 Bg7 44. a5 Qa1 45. Kf2 Qxa5 46. Qd5 Qb6 47. Kg2 Bf8 48. Ng5 Qc7 49. f5 Qe7 50. fxg6 Qe2+ 51. Kg1 Qe1+ 52. Kg2 Qe2+ 53. Kh3 Qf1+ 54. Qg2 Qf5+ 55. Kh2 fxg6 56. Qa2 Kg7 57. Qb2+ Qf6 58.
Ne6+ Kf7 59. Qxf6+ Kxf6 60. Nxf8 d5 61. Nd7+ Ke6 62.
Nxc5+ Kd6 63. Nd3 d4 64. Kg2 Kd5 65. Kf3 1-0

[Event "Late-Titled-Tuesday-Blitz-May-14-2024"]
[Site "Chess.com"]
[Date "2024.05.14"]
[Round "1"]
[White "frederiksvane"]
[Black "rhungaski"]
[Result "1-0"]
[WhiteElo "2956"]
[BlackElo "2526"]
[TimeControl "180+1"]
[EndTime "14:08:14 PDT"]
[Termination "frederiksvane won by resignation"]

1. e4 e5 2. Nf3 Nc6 3. Bb5 a6 4. Ba4 Nf6 5. O-O Be7 6. d3 b5 7. Bb3 d6 8. a3 O-O 9. Nc3 h6 10. h3 Re8 11. Be3 Bf8 12. a4 b4 13.
Nd5 Be6 14. Nd2 Bxd5 15. exd5 Ne7 16. Qf3 Ng6 17. a5 Nh4 18. Qe2 e4 19. dxe4 Nxe4 20. Nxe4 Rxe4 21. Qd3 Qe7 22. Rfe1 Qe5 23. Bd2 Rxe1+ 24.
Rxe1 Qxb2 25. Bxb4 Qf6 26. Bd2 Ng6 27. Qe2 Nf4 28. Qf3 g5 29. Kh2 Bg7 30. g3 Ng6 31.
Qxf6 Bxf6 32. Kg2 Be5 33. Re4 Rb8 34. Rc4 Rb7 35. Rc6 Ra7 36. Be3 Ra8 37. Rxc7 f5 38. Ra7 Rf8 39. Rxa6 f4 40. Bb6 fxg3 41. fxg3 h5 42.
Bc4 h4 43. Bd3 Ne7 44. Ra7 Nf5 45. Bxf5 Rxf5 46. g4 Rf4 47. Rc7 Ra4 48. Kf3 Ra3+ 49. Kg2 Rg3+ 50. Kf2 Rxh3 51. a6 Ra3 52. a7 Bg3+ 53.
Kg2 h3+ 54. Kxh3 Bf2+ 55. Kg2 Bxb6 56. Rc8+ Kf7 57. a8=Q Rxa8 58. Rxa8 Kf6 59. Re8 Bc5 60.
Re6+ Kf7 61. Kf3 1-0

[Event "Late-Titled-Tuesday-Blitz-May-14-2024"]
[Site "Chess.com"]
[Date "2024.05.14"]
[Round "1"]
[White "MatthewG-p4p"]
[Black "jup1978"]
[Result "0-1"]
[WhiteElo "2830"]
[BlackElo "2488"]
[TimeControl "180+1"]
[EndTime "14:08:15 PDT"]
[Termination "jup1978 won by resignation"]

1. e4 c6 2. d4 d5 3. exd5 cxd5 4. Bd3 Nc6 5. c3 Nf6 6. h3 e5 7. dxe5 Nxe5 8. Qe2 Qe7 9. Bc2 Nc4 10. Nf3 Qxe2+ 11.
Kxe2 Bd6 12. Re1 O-O 13. Kf1 h6 14. Nbd2 Bd7 15. Nxc4 dxc4 16. Be3 Rfe8 17. Rad1 Bf8 18. Bd4 Bc6 19. Ne5 Rac8 20. Nxc6 Rxe1+ 21. Rxe1 Rxc6 22.
a4 a6 23. Bf5 Bc5 24. Bxc5 Rxc5 25. Bc2 Kf8 26. Rd1 Ke7 27. Ke2 b5 28. Ke3 Rd5 29. Ra1 Re5+ 30. Kf3 Rd5 31. axb5 axb5 32. Ra7+ Rd7 33.
Rxd7+ Kxd7 34. Ke3 Kd6 35. Kd4 Nd7 36. f4 Nc5 37. f5 f6 38. g4 Nd7 39. b4 Ne5 40. Be4 Nf7 41. Bb7 Ng5 42. Bg2 Nf7 43. Bd5 Ne5 44. Be4 Nf7 45. Bg2 Ng5 46. h4 Nf7 47.
Bf3 Ne5 48. Be2 Nc6+ 49. Ke4 Ne7 50. Bf3 Nd5 51. Kd4 Ne7 52. Be4 Nc8 53. Bb7 Ne7 54. Be4 Nc8 55. Bb7 Nb6 56. Be4 Nd7 57. Bf3 Ne5 58.
Be2 Nc6+ 59. Ke4 Ne7 60. Kd4 h5 61. Ke4 Nd5 62. g5 Nxc3+ 63. Ke3 Nxe2 64. Kxe2 Ke5 65. gxf6 gxf6 66. Kf3 0-1

[Event "Late-Titled-Tuesday-Blitz-May-14-2024"]
[Site "Chess.com"]
[Date "2024.05.14"]
[Round "1"]
[White "merinasian"]
[Black "Hrant_ChessMood"]
[Result "0-1"]
[WhiteElo "2524"]
[BlackElo "2949"]
[TimeControl "180+1"]
[EndTime "14:08:16 PDT"]
[Termination "Hrant_ChessMood won by checkmate"]

1. d4 Nf6 2. Nf3 g6 3. Bf4 Bg7 4. e3 O-O 5. h3 c5 6. Be2 cxd4 7. exd4 Qb6 8. Qc1 Nc6 9. c3 d6 10. O-O Bf5 11. Nbd2 Rac8 12. Nc4 Qd8 13. Ne3 Be6 14. Qd1 Nd5 15. Nxd5 Bxd5 16. Re1 Qb6 17. Qd2 Rfd8 18. Bg5 Re8 19. Nh2 h5 20. Bf3 Bxf3 21. Nxf3 Qa5 22.
d5 Ne5 23. Nxe5 dxe5 24. a3 Red8 25. Rad1 Bf6 26. Bxf6 exf6 27. Re3 Rd6 28. Rd3 b5 29. Qe3 Rc4 30. Qg3 h4 31. Qf3 Qc7 32. Qe2 Kg7 33. R3d2 a5 34. Qf3 Qc5 35. Qe2 Rf4 36. Rd3 Qc4 37. Qe3 Qc7 38. Qe2 Qd7 39. Qe3 b4 40.
axb4 axb4 41. cxb4 Rxb4 42. R1d2 Qb5 43. Qe2 Rc4 44.
Rc3 Rb4 45. Qe3 Rxd5 46. Rxd5 Qxd5 47. Qe2 Qd4 48. Rc2 Qe4 49. Qd2 Rd4 50. Qe2 Qxe2 51. Rxe2 Rd1+ 52. Kh2 Rb1 53. Rc2 f5 54. g3 hxg3+ 55.
Kxg3 e4 56. Kf4 Rh1 57. b4 Rxh3 58. Rb2 Kf6 59. b5 g5# 0-1

[Event "Late-Titled-Tuesday-Blitz-May-14-2024"]
[Site "Chess.com"]
[Date "2024.05.14"]
[Round "1"]
[White "YouShallNotPass001"]
[Black "chenxiaoyuer"]
[Result "0-1"]
[WhiteElo "2495"]
[BlackElo "2884"]
[TimeControl "180+1"]
[EndTime "14:08:17 PDT"]
[Termination "chenxiaoyuer won on time"]

1. e4 c5 2. Nf3 d6 3. c3 Nf6 4. h3 g6 5. Bd3 Bg7 6. O-O O-O 7. Re1 Nc6 8. Bc4 Nxe4 9. Bxf7+ Rxf7 10.
Rxe4 d5 11. Re1 e5 12. d3 Qf6 13. c4 Bxh3 14. Nc3 Bg4 15. Nxd5 Qd6 16. Re4 Bxf3 17. gxf3 Nd4 18. f4 exf4 19. Bxf4 Qd7 20. Kg2 Raf8 21. Bg3 h5 22. Rb1 Nf5 23. f4 Ne7 24. Nxe7+ Rxe7 25. Rxe7 Qxe7 26. Qf3 Qd7 27. b4 cxb4 28. Rxb4 b6 29. Rb5 Re8 30. Bf2 Qf7 31. f5 g5 32. f6 Qxf6 33. Rf5 Qg6 34. Qd5+ Qe6 35. Qxe6+ Rxe6 36. Rxg5 Kf7 37. Rxh5 Re2 38. Kf3 Rxa2 39. Rd5 Ke6 40.
Bg3 Bf8 41. Bf2 Rc2 42. Be3 Bd6 43. Ke4 Bc7 44. Rh5 Re2 45. d4 Kd7 46. Rh7+ Kc8 47. Rh3 a5 48. Kd5 Rg2 49. Kc6 Rg6+ 50. Kb5 Kb7 51. Rh7 Rg2 52. c5 Rb2+ 53. Kc4 bxc5 54. dxc5 Kc6 55. Rh6+ Kd7 56. Kd5 Bd8 57. c6+ Kc8 58. Rh8 a4 59. Bf4 Rb5+ 60. Kc4 Rf5 61. Bd6 Rf6 62. Kd5 Rf5+ 63. Ke6 Rf6+ 64. Ke5 Rf7 65.
Ke6 Rg7 66. c7 Rd7 67. cxd8=Q+ Rxd8 68. Rh4 Re8+ 0-1